 Dungeon Crawl Stone Soup version 0.25.1-2-g60ff931df9 (webtiles) character file.

Game seed: 11893624837558914527

45 Exodus22XD the Poker (level 3, -2/27 HPs)
             Began as a Demonspawn Gladiator on Nov 7, 2020.
             Slain by a gnoll
             ... wielding a +0 club
              (8 damage)
             ... on level 2 of the Dungeon.
             The game lasted 00:01:19 (1300 turns).

Exodus22XD the Poker (Demonspawn Gladiator)         Turns: 1300, Time: 00:01:19

Health: -2/27      AC: 12    Str: 15    XL:     3   Next: 42%
Magic:  3/3        EV: 12    Int:  9    God:
Gold:   50         SH:  0    Dex: 14    Spells: 2/2 levels left

rFire    + . .     SeeInvis .   a - +0 trident
rCold    x . .     Gourm    .   (no shield)
rNeg     . . .     Faith    .   l - +0 ring mail
rPois    .         Spirit   .   c - +0 helmet
rElec    .         Reflect  .   (no cloak)
rCorr    .         Harm     .   (no gloves)
MR       .....     Rnd*Tele +   (no boots)
Stlth    +.........             (no amulet)
HPRegen  0.09/turn              q - ring of teleportation (curse)
MPRegen  0.08/turn              s - ring of fire

@: sanguine armour
A: talons 1, sanguine armour 1
a: no special abilities


You were on level 2 of the Dungeon.
You were not hungry.

You visited 1 branch of the dungeon, and saw 2 of its levels.

You collected 50 gold pieces.

Inventory:

Hand Weapons
 a - a +0 trident (weapon)
Missiles
 d - 3 throwing nets (quivered)
Armour
 c - a +0 helmet (worn)
 l - a +0 ring mail (worn)
Jewellery
 q - a cursed ring of teleportation (left hand)
 r - a +6 ring of intelligence
 s - a ring of fire (right hand)
Scrolls
 b - 2 scrolls of remove curse {unknown}
 h - 3 scrolls of identify {unknown}
 j - a scroll of immolation {unknown}
 k - 3 scrolls of teleportation {unknown}
 m - a scroll of magic mapping {unknown}
 p - a scroll of noise {unknown}
Potions
 e - a potion of mutation {unknown}
 g - a potion of curing {unknown}
 i - a potion of stabbing {unknown}
 o - a potion of lignification {unknown}
Comestibles
 f - 5 rations
 n - 4 chunks of flesh


   Skills:
 + Level 2.2 Fighting
 + Level 3.6 Polearms
 - Level 1.7 Throwing
 + Level 0.3 Armour
 + Level 3.0 Dodging
 + Level 0.4 Stealth


You had 2 spell levels left.
You didn't know any spells.
Your spell library was empty.

Dungeon Overview and Level Annotations

Branches:
Dungeon (2/15)

Altars:


Innate Abilities, Weirdness & Mutations

You have sharp toenails.
When seriously injured, your bleeding wounds create armour. (AC +6)


Message History

* * * LOW HITPOINT WARNING * * *
The gnoll hits you with a +0 halberd.
* * * LOW HITPOINT WARNING * * *
You closely miss the gnoll.
An adder comes into view.
The gnoll barely misses you.
The adder hisses angrily.
You hit the gnoll.
The gnoll is heavily wounded.
The gnoll hits you but does no damage.
You barely miss the gnoll.
The gnoll is heavily wounded.
The gnoll hits you with a +0 halberd.
* * * LOW HITPOINT WARNING * * *
You hit the gnoll.
The gnoll is severely wounded.
You hit the gnoll.
You kill the gnoll!
The gnoll hits you with a +0 club!
You die...

#.##.......#
#.##.....#.#
#.##..#.##.#
..##..#.##.#
#..#.##.########
#.....#.........
#....(........##
##....#######.###.###
#.#.###..@ggS.......
#.#.###.####........
#.......# ##....###
###.##### ....# #.#
.[.## #.# #.## #.# .#
#.. .# ###


You could see 2 gnolls and an adder.

Vanquished Creatures
  A gnoll (D:2)
  A leopard gecko (D:2)
  A ball python (D:1)
  5 bats
  A giant cockroach (D:1)
  4 hobgoblins
  3 jackals (D:2)
  8 kobolds
  5 frilled lizards
  2 goblins (D:1)
  5 rats
36 creatures vanquished.

Notes
Turn   | Place    | Note
-------+----------+-------------------------------------------
     0 | D:1      | Exodus22XD the Demonspawn Gladiator began the quest for the
                  | Orb.
     0 | D:1      | Reached XP level 1. HP: 16/16 MP: 1/1
   133 | D:1      | Gained mutation: When seriously injured, your bleeding
                  | wounds create armour. (AC +6) [demonic ancestry]
   133 | D:1      | Reached XP level 2. HP: 22/22 MP: 2/2
  1126 | D:2      | Gained mutation: You have sharp toenails. [demonic
                  | ancestry]
  1126 | D:2      | Reached XP level 3. HP: 27/27 MP: 3/3
  1300 | D:2      | Slain by a gnoll

Illustrated notes

Levels and vault maps discovered:
D:1:      nzn_arrival_crosshair, layout_basic
D:2:      layout_loops_ring, first_ration

Skill      XL: |  1  2 |
---------------+-------+-----
Polearms       | 3 |  3.6
Dodging        | 3 |  3.0
Fighting       | |  2.2
Throwing       | |  1.7
Armour         | |  0.3
Stealth        | |  0.4

Action                   || total
-------------------------++-------
Melee: Trident           ||   113
       Kick              ||     1
 Stab: Sleeping          ||     1
  Eat: Chunk             ||     1
Armor: Leather armour    ||    13
       Ring mail         ||    28
Dodge: Dodged            ||    80
